Map: [ESL] Data-C

Players

herO - Winner!

  • Race: Protoss Protoss
  • Spawn Location: 9:00

Serral

  • Race: Zerg Zerg
  • Spawn Location: 3:00

VOD

Have the link to the VOD?

Description

Time

  • Played on: Nov. 4, 2022, 12:40 p.m.
  • Length: 11:22
Show
View Real Time Build Order
Export as new Build Order

herO Protoss - Winner!

Build Orders: 1 Gate Expand, Mass Phoenix, Zealot Archon 

Get SALT Encoding   

  12  0:00  Probe  
  13  0:12  Probe  
  14  0:18  Pylon  
  14  0:24  Probe (Chrono Boost)  
  15  0:29  Assimilator  
  15  0:37  Probe (Chrono Boost)  
  16  0:44  Probe (Chrono Boost)  
  16  0:47  Gateway  
  17  0:51  Probe  
  18  1:03  Probe  
  19  1:15  Probe  
  20  1:26  Nexus  
  20  1:35  Cybernetics Core  
  20  1:38  Probe  
  21  1:43  Assimilator  
  21  1:50  Probe  
  21  1:53  Pylon  
  22  2:02  Probe  
  23  2:11  Adept, Warp Gate  
  23  2:14  Probe (Chrono Boost)  
  26  2:18  Stargate  
  26  2:24  Probe (Chrono Boost)  
  27  2:30  Probe (Chrono Boost)  
  28  2:38  Probe (Chrono Boost)  
  32  2:46  Probe (Chrono Boost)  
  32  2:47  Probe (Chrono Boost)  
  33  2:52  Probe x2 (Chrono Boost)  
  35  3:05  Void Ray (Chrono Boost), Gateway  
  39  3:09  Probe x2  
  41  3:15  Pylon  
  41  3:21  Probe x2  
  43  3:33  Probe x2  
  43  3:38  Nexus  
  43  3:41  Pylon  
  43  3:45  Probe x2  
  45  3:48  Assimilator  
  45  3:51  Assimilator  
  45  3:57  Probe x2  
  45  4:01  Stargate  
  47  4:03  Stargate  
  47  4:09  Probe (Chrono Boost)  
  48  4:10  Probe (Chrono Boost)  
  48  4:15  Phoenix  
  51  4:21  Probe (Chrono Boost), Protoss Air Weapons Level 1  
  51  4:22  Probe (Chrono Boost)  
  53  4:26  Pylon  
  53  4:27  Probe x2 (Chrono Boost)  
  55  4:36  Probe  
  55  4:37  Probe  
  57  4:40  Adept, Phoenix  
  57  4:45  Shield Battery  
  61  4:48  Phoenix  
  61  4:50  Phoenix (Chrono Boost)  
  65  4:54  Probe x2  
  65  4:55  Probe  
  68  5:02  Assimilator  
  68  5:03  Assimilator  
  68  5:05  Phoenix (Chrono Boost)  
  70  5:08  Pylon  
  70  5:09  Probe x2  
  70  5:11  Probe  
  70  5:14  Phoenix (Chrono Boost)  
  73  5:18  Phoenix (Chrono Boost)  
  77  5:23  Probe x2  
  77  5:24  Probe  
  77  5:26  Phoenix (Chrono Boost)  
  82  5:30  Phoenix  
  82  5:35  Probe x2  
  86  5:36  Probe  
  86  5:40  Pylon  
  87  5:48  Probe x2  
  87  5:49  Probe  
  90  5:52  Twilight Council  
  90  5:54  Forge  
  90  6:02  Phoenix x3  
  96  6:11  Probe  
  96  6:12  Probe x2  
  96  6:15  Protoss Ground Weapons Level 1 (Chrono Boost)  
  93  6:25  Charge (Chrono Boost)  
  93  6:31  Nexus  
  93  6:32  Probe  
  94  6:34  Probe, Gateway, Pylon  
  94  6:35  Gateway  
  94  6:36  Robotics Facility  
  95  6:42  Zealot  
  95  6:43  Zealot  
  98  6:55  Gateway  
  98  6:56  Nexus, Gateway x3  
  98  6:58  Pylon  
  98  7:00  Templar Archives  
  98  7:03  Zealot  
  100  7:11  Probe  
  100  7:14  Pylon  
  101  7:16  Probe x2  
  101  7:29  Warp Prism (Chrono Boost)  
  101  7:35  Probe x2  
  101  7:36  Probe  
  101  7:37  Robotics Bay  
  106  7:38  Robotics Facility, Photon Cannon  
  106  7:39  Shield Battery, High Templar x2  
  106  7:40  High Templar x2  
  106  7:43  Archon  
  114  7:44  Archon  
  114  7:48  Probe x3  
  117  7:58  Blink (Chrono Boost), Pylon  
  117  7:59  Pylon  
  117  8:00  Pylon  
  117  8:01  Pylon  
  117  8:02  Gateway  
  117  8:03  Gateway  
  117  8:07  Probe  
  117  8:08  Observer  
  117  8:10  High Templar x2  
  117  8:11  High Templar  
  125  8:16  High Templar  
  125  8:17  Zealot x4  
  133  8:21  Archon  
  133  8:22  Archon  
  133  8:23  Probe x4  
  133  8:24  Disruptor (Chrono Boost)  
  137  8:27  Disruptor (Chrono Boost), Photon Cannon  
  137  8:29  Assimilator  
  137  8:33  Assimilator  
  143  8:37  Pylon x2  
  143  8:39  Zealot x4  
  151  8:44  Zealot  
  151  8:45  Zealot x2  
  157  8:50  Disruptor (Chrono Boost), Protoss Ground Armor Level 1  
  157  8:53  Disruptor (Chrono Boost)  
  160  8:57  Pylon x2  
  160  9:02  Stalker x3  
  167  9:12  Stalker x4  
  157  9:24  Stalker x3  
  151  9:34  Stalker x3  
  151  9:37  Stalker x4  
  155  10:03  Stalker x9  
  155  10:04  Stalker  
  135  10:29  Stalker x5  
  135  10:30  Stalker x5  
  143  10:59  Stalker x10  
Show
View Real Time Build Order
Export as new Build Order

Serral Zerg 

Build Orders: Hatch First 

Get SALT Encoding   

  12  0:00  Drone  
  13  0:12  Overlord  
  13  0:17  Drone  
  14  0:31  Drone x2  
  16  0:47  Hatchery  
  15  0:51  Drone  
  15  0:54  Drone  
  17  0:57  Drone  
  18  1:08  Extractor  
  17  1:13  Spawning Pool  
  17  1:16  Drone  
  17  1:20  Drone  
  18  1:28  Drone  
  19  1:39  Drone  
  20  1:50  Drone  
  21  1:59  Queen  
  21  2:00  Queen  
  21  2:01  Zergling x2, Overlord  
  26  2:10  Drone  
  26  2:11  Drone  
  26  2:12  Metabolic Boost  
  28  2:21  Drone  
  28  2:22  Drone  
  30  2:33  Hatchery  
  30  2:34  Drone  
  30  2:37  Drone  
  30  2:43  Queen  
  33  2:48  Overlord  
  33  2:52  Drone  
  33  2:53  Drone  
  33  2:55  Drone  
  36  3:03  Overlord  
  36  3:07  Queen  
  36  3:08  Drone x2  
  36  3:10  Drone  
  36  3:12  Drone  
  42  3:15  Drone  
  42  3:18  Drone  
  44  3:22  Queen  
  44  3:26  Drone  
  47  3:28  Drone  
  48  3:35  Overlord  
  48  3:40  Drone  
  49  3:41  Drone x2  
  49  3:47  Queen  
  49  3:48  Overlord  
  53  3:49  Drone x2  
  53  3:53  Overlord  
  53  3:55  Drone x3  
  58  4:01  Pneumatized Carapace  
  58  4:05  Spore Crawler  
  58  4:06  Spore Crawler  
  58  4:07  Zergling x6  
  58  4:08  Zergling x2  
  60  4:11  Drone  
  60  4:12  Drone x2  
  63  4:17  Overlord  
  63  4:19  Zergling x2  
  63  4:20  Drone  
  63  4:22  Drone  
  66  4:25  Extractor  
  66  4:28  Drone x2  
  66  4:31  Roach Warren  
  66  4:32  Drone x3  
  66  4:37  Zergling x2  
  70  4:43  Zergling x2  
  70  4:44  Queen  
  75  4:47  Lair, Queen  
  75  4:48  Drone  
  75  4:49  Drone  
  75  4:52  Drone x2, Extractor  
  78  4:53  Extractor  
  78  4:54  Drone  
  78  4:55  Drone  
  78  4:58  Overlord  
  79  5:00  Overlord  
  79  5:05  Drone x2  
  79  5:07  Overlord  
  80  5:15  Drone  
  80  5:16  Evolution Chamber  
  80  5:17  Overlord  
  80  5:20  Drone x8  
  88  5:26  Queen x2  
  92  5:29  Drone  
  92  5:32  Drone  
  92  5:33  Spore Crawler  
  92  5:35  Spore Crawler  
  92  5:37  Drone x3  
  92  5:38  Drone  
  92  5:42  Drone x3  
  99  5:45  Zerg Missile Weapons Level 1  
  98  5:55  Hatchery  
  96  5:58  Drone x6  
  96  6:03  Spore Crawler  
  99  6:04  Overseer, Extractor, Overlord  
  99  6:05  Extractor  
  99  6:06  Drone x2  
  99  6:08  Extractor  
  99  6:09  Drone x3  
  99  6:11  Extractor  
  102  6:13  Queen  
  102  6:16  Drone  
  105  6:23  Drone x2  
  105  6:24  Drone x4  
  105  6:25  Spire  
  110  6:29  Spore Crawler  
  110  6:31  Overlord  
  109  6:35  Overlord  
  109  6:36  Glial Reconstitution  
  109  6:37  Drone x2  
  109  6:38  Drone x2  
  113  6:40  Overlord  
  113  6:46  Overlord  
  113  6:49  Overlord  
  113  6:50  Overlord  
  113  6:51  Roach x3  
  119  6:55  Roach  
  121  7:07  Extractor  
  120  7:11  Extractor  
  120  7:13  Drone  
  119  7:19  Overlord  
  119  7:22  Overlord  
  119  7:24  Overlord  
  119  7:29  Drone  
  121  7:30  Drone x3  
  121  7:35  Roach x2  
  121  7:36  Roach x4  
  132  7:38  Corruptor x3  
  132  7:41  Overseer  
  138  7:47  Baneling Nest, Roach x5  
  143  7:56  Corruptor x8  
  157  8:06  Corruptor x3  
  163  8:18  Overlord  
  163  8:19  Roach x7  
  177  8:23  Zerg Melee Weapons Level 1  
  177  8:24  Overseer  
  177  8:27  Roach x3, Evolution Chamber  
  177  8:31  Overlord x2  
  182  8:34  Overlord  
  182  8:36  Centrifugal Hooks  
  182  8:39  Infestation Pit  
  179  8:43  Roach x4  
  179  8:45  Baneling  
  179  8:46  Baneling x6  
  186  8:52  Drone  
  187  8:56  Zergling x14  
  187  8:58  Zergling x2  
  195  9:15  Hatchery  
  195  9:16  Zergling x16  
  175  9:26  Hive  
  175  9:30  Zergling x30  
  190  9:35  Baneling x9  
  190  9:42  Roach x5  
  179  10:02  Zergling x18, Roach x5  
  179  10:03  Zergling x12  
  174  10:11  Zergling x4  
  166  10:14  Roach x4  
  166  10:17  Ravager x8  
  166  10:18  Ravager  
  166  10:19  Hatchery  
  176  10:23  Roach x5  
  162  10:31  Roach x5  
  162  10:33  Roach x4  
  161  10:36  Roach  
  161  10:37  Roach x3  
  161  10:41  Roach x3  
  167  10:45  Ravager  
  167  10:46  Ravager x5  
  171  10:50  Roach x4  
  171  10:55  Roach x3  
  138  10:59  Roach x2  
  138  11:00  Roach  
Tags
 
Add a new tag
Caveats
  • Supply blocks, unpowered buildings, or Contaminate may cause inaccurate times.
  • Supply counts are checked every 10 seconds.